 Dungeon Crawl Stone Soup version 0.32-a0-791-gfc315c9ecd (webtiles) character file.

Game seed: 1054551175909514118

63 wilfster70 the Digger (level 4, -2/24 HPs)
             Began as a Gargoyle Earth Elementalist on Mar 20, 2024.
             Slain by a scorpion (4 damage)
             ... on level 6 of the Dungeon.
             The game lasted 00:06:08 (1995 turns).

wilfster70 the Digger (Gargoyle Earth Elementalist) Turns: 1995, Time: 00:06:08

Health: -2/24      AC:  5    Str: 12    XL:     4   Next: 9%
Magic:  7/7        EV: 11    Int: 17    God:
Gold:   76         SH:  0    Dex: 10    Spells: 4/8 levels left

rFire   . . .        a - +0 sling
rCold   . . .        (no shield)
rNeg    + . .        c - +0 robe
rPois   ∞            (no helmet)
rElec   +            (no cloak)
rCorr   .            (no gloves)
SInv    .            (no boots)
Will    .....        (no amulet)
Stlth   ++           d - ring of flight
HPRegen 0.24/turn    o - ring of wizardry
MPRegen 0.10/turn

%: wizardry (x1)
@: flying
A: sickness immunity, AC +3, negative energy resistance 1, electricity
resistance, torment resistance 1, petrification resistance
a: no special abilities


You were on level 6 of the Dungeon.
You visited 1 branch of the dungeon, and saw 4 of its levels.

You collected 76 gold pieces.

Inventory:

Hand Weapons
 a - a +0 sling (weapon)
 b - a +1 mace of protection
 k - a +0 dagger
Armour
 c - a +0 robe (worn)
Jewellery
 d - a ring of flight (left hand)
 m - a +4 ring of slaying
 o - a ring of wizardry (right hand)
Scrolls
 e - a scroll of butterflies {unknown}
 g - a scroll of noise {unknown}
 i - 2 scrolls of amnesia
 l - 2 scrolls of poison {unknown}
 r - 3 scrolls of identify
Potions
 h - a potion of magic
 j - a potion of resistance {unknown}
 n - 2 potions of curing {unknown}


   Skills:
 - Level 2.1 Dodging
 - Level 2.9 Stealth
 + Level 2.5 Spellcasting
 - Level 2.0 Conjurations
 + Level 4.1 Earth Magic


You had 4 spell levels left.
You knew the following spells:

 Your Spells              Type           Power      Damage    Failure   Level
a - Sandblast             Erth           32%        2d9       1%          1
b - Stone Arrow           Conj/Erth      24%        3d8       6%          3

Your spell library contained the following spells:

 Spells                   Type           Power      Damage    Failure   Level
 Passwall                 Erth           16%        N/A       4%          3
 Brom's Barrelling Bould  Conj/Erth      12%        2d4       21%         4
 Petrify                  Alch/Erth      9%         N/A       30%         4


Dungeon Overview and Level Annotations

Branches:
Dungeon (3/15)

Altars:
The Shining One

Shops:
D:1 =


Innate Abilities, Weirdness & Mutations

You are immune to sickness and miasma.
Your stone body is resilient. (AC +3)
You are immune to poison.
You resist negative energy. (rN+)
You are resistant to electric shocks. (rElec)
You are resistant to unholy torment.
You are immune to petrification.


Message History

The sling bullet closely misses the ufetubus.
The ufetubus slips past you! The ufetubus hits you.
The ufetubus barely misses you.
The ufetubus hits you but does no damage.
The ufetubus closely misses you.
A scorpion comes into view.
The ufetubus closely misses you. The ufetubus hits you.
The ufetubus hits you but does no damage.
The ufetubus barely misses you. The ufetubus misses you.
The ufetubus hits you but does no damage.
The orc closely misses you. The ufetubus attacks as it pursues you!
The ufetubus barely misses you. x2
The ufetubus hits you.
The ufetubus hits you but does no damage.
The orc barely misses you. The ufetubus misses you. The ufetubus hits you.
The sky beast flickers out of sight!
Deactivating autopickup; reactivate with Ctrl-A.
The ufetubus closely misses you. The ufetubus completely misses you.
The ufetubus attacks as it pursues you!
The ufetubus hits you but does no damage.
The ufetubus closely misses you. The orc closely misses you.
The ufetubus hits you but does no damage.
The ufetubus barely misses you. The ufetubus closely misses you.
The ufetubus hits you.
* * * LOW HITPOINT WARNING * * *
The ufetubus attacks as it pursues you! The ufetubus barely misses you.
The ufetubus hits you but does no damage. x2
The ufetubus hits you.
* * * LOW HITPOINT WARNING * * *
As you read the scroll labelled GYROCEEWYIR, it crumbles to dust.
It is a scroll of identify.
i - 2 scrolls of amnesia;
r - 3 scrolls of identify The ufetubus slips past you!
The ufetubus closely misses you. The ufetubus barely misses you.
The ufetubus hits you.
* * * LOW HITPOINT WARNING * * *
The ufetubus hits you.
* * * LOW HITPOINT WARNING * * *
The scorpion stings you.
You die...

....................# #.
...................# ...
........##.##......#...
.........#####.........
^....#..## #....##.. ..##
#..########..## #
#...#.##..#...#
#.....o....##..#
#.....5@.........#
#......oos5.......##
.....#.................
...........#.............
...........##............
........................
....§§§..#.#.........#..
...~~§§~.............


You could see a scorpion, 2 ufetubi and 3 orcs.

Vanquished Creatures
  2 adders (D:2)
  A dart slug (D:2)
  4 bats
  7 endoplasms
  5 giant cockroaches
  2 goblins
  3 hobgoblins
  A quokka (D:2)
  5 ball pythons
  A frilled lizard (D:1)
  4 kobolds
  5 rats
40 creatures vanquished.

Notes
Turn   | Place    | Note
-------+----------+-------------------------------------------
     0 | D:1      | wilfster70 the Gargoyle Earth Elementalist began the quest
                  | for the Orb.
     0 | D:1      | Reached XP level 1. HP: 10/10 MP: 3/3
   303 | D:1      | Found Peibrohuj's Jewellery Boutique.
   316 | D:1      | Reached XP level 2. HP: 13/15 MP: 5/5
   398 | D:1      | Found a faded altar of an unknown god.
   398 | D:1      | Noticed a chaos spawn
   975 | D:2      | Reached XP level 3. HP: 17/19 MP: 2/6
  1186 | D:2      | Reached skill level 4 in Earth Magic
  1826 | D:3      | Reached XP level 4. HP: 24/24 MP: 3/7
  1850 | D:3      | Learned a level 3 spell: Stone Arrow
  1966 | D:3      | You are sucked into a shaft and drop 3 floors!
  1973 | D:6      | Found a glowing golden altar of the Shining One.
  1975 | D:6      | Noticed a sky beast
  1988 | D:6      | Noticed a scorpion
  1995 | D:6      | Slain by a scorpion

Illustrated notes

Levels and vault maps discovered:
D:1:      nicolae_arrival_washed_ashore, layout_basic,
          dreamdust_ecumenical_altar_sealed_demon, serial_shops,
          nicolae_shop_gaudy_bauble
D:2:      layout_basic
D:3:      layout_basic, chequers_serial_rivers_small_3
D:6:      layout_cave_pools, mainiacjoe_overflow_boulevard,
          worldfamousw_hep_ancestral_shrine, general_overflow_altar,
          minmay_temple_entry_mist, gammafunk_ghost_icy,
          hangedman_abyss_or_decor_jellyfish_corner

Skill      XL: |  1  2  3  4 |
---------------+-------------+-----
Earth Magic    | 4 |  4.1
Dodging        | 2 |  2.1
Conjurations   | 2 |  2.0
Stealth        | |  2.9
Spellcasting   | |  2.5

Action                     |  1- 3 |  4- 6 || total
---------------------------+-------+-------++-------
   Fire: Sling             |    53 |     1 ||    54
   Cast: Sandblast         |    33 |     7 ||    40
    Use: Scroll            |       |     1 ||     1
 Armour: Robe              |    41 |    32 ||    73
  Dodge: Dodged            |    29 |    26 ||    55

Table legend: (Time is in decaauts)
 A = Elapsed time spent in this place.
 B = Non-inter-level travel time spent in this place.
 C = Inter-level travel time spent in this place.
 D = Time resting spent in this place.
 E = Time spent auto-exploring this place.
 F = Levels seen in this place.
 G = Mean time per level.
                   A        B        C        D        E       F      G
               +--------+--------+--------+--------+--------+-----+--------+
         Total |   2034 |   1958 |     76 |    268 |    888 |   4 |  508.5 |
       Dungeon |   2034 |   1958 |     76 |    268 |    888 |   4 |  508.5 |
               +--------+--------+--------+--------+--------+-----+--------+

Top non-repeatable levels by time:
     D:1: 904 daAuts
     D:2: 845 daAuts
     D:3: 255 daAuts
     D:6: 29 daAuts
